 Dungeon Crawl Stone Soup version 0.28.0-45-g0d030f2227 (webtiles) character file.

Game seed: 452692672024249523

35 DuloT34 the Changer (level 3, 0/31 HPs)
             Began as a Naga Transmuter on Apr 22, 2022.
             Slain by an orc priest
             ... wielding a +0 whip of freezing
              (1 damage)
             ... on level 2 of the Dungeon.
             The game lasted 00:04:20 (2820 turns).

DuloT34 the Changer (Naga Transmuter)               Turns: 2820, Time: 00:04:20

Health: 0/31       AC:  2    Str: 12    XL:     3   Next: 33%
Magic:  4/6        EV: 18    Int: 21    God:
Gold:   55         SH:  0    Dex: 16    Spells: 0/6 levels left

rFire   + . .      SeeInvis +     - Unarmed
rCold   + . .      Faith    .   (shield currently unavailable)
rNeg    . . .      Spirit   .   (armour currently unavailable)
rPois   .          Reflect  .   (helmet currently unavailable)
rElec   +          Harm     .   (cloak currently unavailable)
rCorr   +          Rampage  .   (gloves currently unavailable)
Will    +....                   (no barding)
Stlth   +.........              b - amulet of magic regeneration
HPRegen 0.10/turn               f - +6 ring of intelligence
MPRegen 0.50/turn               h - ring of willpower

@: spider-form, resistant, wereblooded
A: venomous fangs, AC +1, tiny, see invisible, (deformed body), (poison
resistance), (slowness 2), spit poison 1, (naga tail 1)
a: Spit Poison, End Transformation


You were on level 2 of the Dungeon.
You were a venomous arachnid creature.
You visited 1 branch of the dungeon, and saw 2 of its levels.

You collected 55 gold pieces.

Inventory:

Armour
 a - a +0 robe (melded)
 g - the +0 barding "Ugod" (melded) {Dex+3}
   (You acquired it on level 2 of the Dungeon)

   Dex:       It affects your dexterity (+3).
Jewellery
 b - an amulet of magic regeneration (around neck)
 f - a +6 ring of intelligence (left front leg)
 h - a ring of willpower (right front leg)
Scrolls
 e - a scroll of fog {unknown}
Potions
 d - a potion of might {unknown}
 i - a potion of magic {unknown}
 j - 2 potions of berserk rage {unknown}


   Skills:
 - Level 1.0 Fighting
 - Level 1.5 Dodging
 - Level 3.0 Unarmed Combat
 - Level 2.0 Spellcasting
 + Level 3.6 Transmutations


You couldn't memorise any spells.
You knew the following spells:

 Your Spells              Type           Power      Damage    Failure   Level
a - Beastly Appendage     Tmut           34%        N/A       11%         1
b - Wereblood             Tmut           17%        N/A       14%         2
c - Spider Form           Tmut/Pois      9%         N/A       41%         3

Your spell library contained the following spells:

 Spells                   Type           Power      Damage    Failure   Level
 Static Discharge         Conj/Air       2%         N/A       43%         2
 Ice Form                 Ice/Tmut       9%         N/A       77%         4
 Lightning Bolt           Conj/Air       1%         1d12      99%         5
 Maxwell's Capacitive Co  Air            1%         ∞         100%        8


Dungeon Overview and Level Annotations

Branches:
Dungeon (2/15)

Altars:


Innate Abilities, Weirdness & Mutations

You are a venomous arachnid creature.
You have poisonous fangs.
You are tiny and dextrous.
Your spellcasting is less reliable in this form.
Your armour is entirely melded.
You are incapable of wielding weapons or throwing items.
((Your serpentine skin is tough. (AC +1)))
You have supernaturally acute eyesight. (SInv)
((Armour fits poorly on your strangely shaped body.))
((Your system is resistant to poisons. (rPois)))
((You cover ground very slowly.))
You can spit poison.
((You have a snake-like lower body.))


Message History

Casting: Beastly Appendage (safe; 3% risk of failure)
Confirm with . or Enter, or press ? or * to list all spells.
Your blood is infused with primal strength.
Things that are here:
a +0 whip; a +0 leather armour; an orc corpse You closely miss the orc.
An orc priest comes into view. It is wielding a +0 whip of freezing.
The orc hits you with a +0 flail.
The orc priest shouts!
You hit the orc.
The orc is almost dead.
The orc barely misses you.
You barely miss the orc.
The orc is almost dead.
The orc hits you with a +0 flail!
You closely miss the orc.
The orc is almost dead.
The orc barely misses you.
You closely miss the orc priest.
The orc priest hits you with a +0 whip of freezing.
The orc priest freezes you. The orc hits you with a +0 flail.
* * * LOW HITPOINT WARNING * * *
Okay, then.
Casting: Wereblood (safe; 4% risk of failure)
Confirm with . or Enter, or press ? or * to list all spells.
The spell is quite dangerous to miscast (21% risk of failure)!
Continue anyway?
Your horns disappear.
The +0 barding "Ugod" {Dex+3} unmelds from your body.
You turn into a venomous arachnid creature.
The +0 barding "Ugod" {Dex+3} melds into your body.
Your +0 robe melds into your body.
The orc priest misses you. The orc completely misses you.
You hit the orc priest but do no damage.
The orc priest is poisoned.
The orc priest closely misses you. The orc closely misses you.
You feel protected.
The orc priest hits you with a +0 whip of freezing.
* * * LOW HITPOINT WARNING * * *
The orc priest freezes you.
You die...

#.###.##.. #.#...##..#
..##.#....#.#....#..#
#.#..#....#.#....#..#
##.#..#...##.##...#..#
#.....#..# .. ##..#..#
###(#†..#.# ...
##.#..# #........#
.... ##...#
#.#.#...##..... ##..#
#......s#...... #..#
#.#.#..oo.# ...#
#.$.$....## ...#
##.......# #####
######..# #..# #..#
#..# #..#


You could see an orc priest (very poisoned) and an orc.

Vanquished Creatures
  A dart slug (D:1)
  An orc (D:2)
  An endoplasm (D:2)
  6 goblins
  A hobgoblin (D:1)
  4 jackals (D:2)
  2 kobolds (D:1)
  A ball python (D:1)
  4 bats
  4 frilled lizards
  A giant cockroach (D:2)
  4 rats (D:1)
30 creatures vanquished.

Notes
Turn   | Place    | Note
-------+----------+-------------------------------------------
     0 | D:1      | DuloT34 the Naga Transmuter began the quest for the Orb.
     0 | D:1      | Reached XP level 1. HP: 18/18 MP: 3/3
   892 | D:1      | Reached XP level 2. HP: 8/25 MP: 5/5
  1354 | D:1      | Identified a scroll of acquirement
  1354 | D:1      | Acquired an amulet of magic regeneration
  1857 | D:1      | Learned a level 2 spell: Wereblood
  2489 | D:2      | Acquired the +0 barding "Ugod" {Dex+3}
  2564 | D:2      | Reached XP level 3. HP: 29/31 MP: 6/6
  2779 | D:2      | Learned a level 3 spell: Spider Form
  2820 | D:2      | HP: 1/31 [orc priest/+0 whip of freezing (4)]
  2820 | D:2      | Slain by an orc priest

Illustrated notes

Levels and vault maps discovered:
D:1:      eino_arrival_cavern_b, layout_basic, chequers_serial_rivers_large_b
D:2:      layout_basic, glass_columns_a, minmay_parallelograms, uniq_robin

Skill      XL: |  1  2 |
---------------+-------+-----
Transmutations | 3 |  3.6
Fighting       | |  1.0
Dodging        | |  1.5
Unarmed Combat | |  3.0
Spellcasting   | |  2.0

Action                   || total
-------------------------++-------
Melee: Unarmed           ||   102
       Headbutt          ||    11
       Punch             ||     2
 Cast: Beastly Appendage ||    25
       Wereblood         ||     3
       Spider Form       ||     1
  Use: Scroll            ||     4
       Potion            ||     1
Armor: Robe              ||    33
Dodge: Dodged            ||    53
